3AAA
SCRANTON SUPERNOVAS @ NAPERVILLE BATTLEKINGS
07/04/2027
 
TOP OF THE 1ST
Scranton Supernovas batting - Pitching for Naperville Battlekings : RHP Jorge Carrión
Pitching: RHP Jorge Carrión
Batting: SHB Alonso Solís 0-0: Ball
1-0: Called Strike
1-1: Swinging Strike
1-2: Ball
2-2: Ball
3-2: Base on Balls
Batting: RHB Pedro Rivera 0-0: Ball
1-0: Called Strike
1-1: Ball
2-1: Ball
3-1: Base on Balls
Alonso Solís to second
Batting: LHB Chris Fries 0-0: Foul Ball, location: 2F
0-1: Swinging Strike
0-2: Ball
1-2: Foul Ball, location: 2F
1-2: DOUBLE (Line Drive, 8RD)
Alonso Solís scores
Pedro Rivera to third
Batting: RHB Jim Unknown 0-0: Ball
1-0: Foul Ball, location: 2F
1-1: Swinging Strike
1-2: Ball
2-2: Ground out 6-3 (Groundball, 6S)
Pedro Rivera scores
Chris Fries to third
Batting: LHB Phillip Tinker 0-0: Called Strike
0-1: Foul Ball, location: 2F
0-2: Strikes out swinging
Batting: RHB Nobuhiko Nakayama 0-0: Foul Ball, location: 2F
0-1: Ball
1-1: Foul Ball, location: 2F
1-2: Ball
2-2: Strikes out looking
Top of the 1st over - 2 run(s), 1 hit(s), 0 error(s), 1 left on base; Scranton 2 - Naperville 0
BOTTOM OF THE 1ST
Naperville Battlekings batting - Pitching for Scranton Supernovas : RHP Jim Unknown
Pitching: RHP Jim Unknown
Batting: LHB Sam Good 0-0: Ball
1-0: Ground out 4-3 (Groundball, 4)
Batting: RHB Matt Love 0-0: Ball
1-0: Ball
2-0: Ball
3-0: Called Strike
3-1: Called Strike
3-2: Foul Ball, location: 2F
3-2: Fly out, F9 (Flyball, 9)
Batting: LHB Stanley Belote 0-0: Foul Ball, location: 2F
0-1: Ball
1-1: Ball
2-1: Swinging Strike
2-2: Fly out, F6 (Flyball, 6MD)
Bottom of the 1st over - 0 run(s), 0 hit(s), 0 error(s), 0 left on base; Scranton 2 - Naperville 0
TOP OF THE 2ND
Scranton Supernovas batting - Pitching for Naperville Battlekings : RHP Jorge Carrión
Batting: RHB Dong-po Tien 0-0: Foul Ball, location: 2F
0-1: Foul Ball, location: 2F
0-2: Ground out 3-1 (Groundball, 34)
Batting: RHB Kent Summey 0-0: Ball
1-0: Ball
2-0: Ball
3-0: Called Strike
3-1: Base on Balls
Batting: LHB José Cordero 0-0: Fielders Choice at 2nd, 1-6 (Groundball, 13)
Batting: SHB Alonso Solís 0-0: Ball
1-0: Ball
2-0: Foul Ball, location: 2F
2-1: Called Strike
2-2: SINGLE (Groundball, 34D)
José Cordero to second
José Cordero to third
Batting: RHB Pedro Rivera 0-0: Fly out, F9 (Flyball, 9LMF)
Top of the 2nd over - 0 run(s), 1 hit(s), 0 error(s), 2 left on base; Scranton 2 - Naperville 0
BOTTOM OF THE 2ND
Naperville Battlekings batting - Pitching for Scranton Supernovas : RHP Jim Unknown
Batting: RHB Scott Zijm 0-0: Ball
1-0: Reached on error, E6 (Groundball, 6)
Batting: RHB Jorge Baker 0-0: Called Strike
0-1: Grounds into double play, 4-6-3 (Groundball, 4)
Batting: RHB António Guzmán 0-0: Called Strike
0-1: Ball
1-1: Ball
2-1: Foul Ball, location: 2F
2-2: Ball
3-2: Foul Ball, location: 2F
3-2: Fly out, F9 (Flyball, 9)
Bottom of the 2nd over - 0 run(s), 0 hit(s), 1 error(s), 0 left on base; Scranton 2 - Naperville 0
TOP OF THE 3RD
Scranton Supernovas batting - Pitching for Naperville Battlekings : RHP Jorge Carrión
Batting: LHB Chris Fries 0-0: Foul Ball, location: 2F
0-1: Ball
1-1: SINGLE (Groundball, 4D)
Batting: RHB Jim Unknown 0-0: Ball
1-0: Called Strike
1-1: SINGLE (Line Drive, 7S)
Chris Fries to second
Batting: LHB Phillip Tinker 0-0: Swinging Strike
0-1: Called Strike
0-2: Ball
1-2: Ball
2-2: Foul Ball, location: 2F
2-2: Ball
3-2: SINGLE (Flyball, 8RS)
Chris Fries to third
Jim Unknown to second
Batting: RHB Nobuhiko Nakayama 0-0: Ball
1-0: Foul Ball, location: 2F
1-1: Ball
2-1: Swinging Strike
2-2: Strikes out swinging
Batting: RHB Dong-po Tien 0-0: Ball
1-0: Hit by Pitch
Chris Fries scores
Jim Unknown to third
Phillip Tinker to second
Batting: RHB Kent Summey 0-0: Grounds into double play, 6-4-3 (Groundball, 6)
Top of the 3rd over - 1 run(s), 3 hit(s), 0 error(s), 2 left on base; Scranton 3 - Naperville 0
BOTTOM OF THE 3RD
Naperville Battlekings batting - Pitching for Scranton Supernovas : RHP Jim Unknown
Batting: LHB Curtis Peters 0-0: Called Strike
0-1: Ball
1-1: Called Strike
1-2: Ball
2-2: Ground out 6-3 (Groundball, 6)
Batting: RHB Rod Jones 0-0: Called Strike
0-1: Swinging Strike
0-2: Ball
1-2: Ball
2-2: Ground out 5-3 (Groundball, 56S)
Batting: RHB Jimmy Dawson 0-0: Swinging Strike
0-1: Swinging Strike
0-2: Foul Ball, location: 2F
0-2: Strikes out swinging
Bottom of the 3rd over - 0 run(s), 0 hit(s), 0 error(s), 0 left on base; Scranton 3 - Naperville 0
TOP OF THE 4TH
Scranton Supernovas batting - Pitching for Naperville Battlekings : RHP Jorge Carrión
Batting: LHB José Cordero 0-0: SINGLE (Groundball, 6D)
Batting: SHB Alonso Solís 0-0: Ball
1-0: Foul Ball, location: 2F
1-1: Ball
2-1: Ball
3-1: Base on Balls
José Cordero to second
Batting: RHB Pedro Rivera 0-0: Swinging Strike
0-1: Ball
1-1: 3-RUN HOME RUN (Flyball, 7D), Distance : 383 ft
Batting: LHB Chris Fries 0-0: Ball
1-0: SINGLE (Groundball, 6D)
Pitching: RHP Jorge Vázquez
Batting: RHB Jim Unknown 0-0: Foul Ball, location: 2F
0-1: Ball
1-1: Foul Ball, location: 2F
1-2: Foul Ball, location: 2F
1-2: Foul Ball, location: 2F
1-2: Ball
2-2: SINGLE (Groundball, 56D)
Chris Fries to second
Batting: LHB Phillip Tinker 0-0: Ball
1-0: Foul Ball, location: 2F
1-1: Foul Ball, location: 2F
1-2: Ball
2-2: Strikes out swinging
Batting: RHB Nobuhiko Nakayama 0-0: Ball
1-0: Fly out, F6 (Line Drive, 6M)
Batting: RHB Dong-po Tien 0-0: Foul Ball, location: 2F
0-1: SINGLE (Line Drive, 56D)
Chris Fries to third
Jim Unknown to second
Batting: RHB Kent Summey 0-0: Ball
1-0: Ball
2-0: Called Strike
2-1: Fielders Choice at 2nd, 4-6 (Groundball, 4)
Top of the 4th over - 3 run(s), 5 hit(s), 0 error(s), 2 left on base; Scranton 6 - Naperville 0
BOTTOM OF THE 4TH
Naperville Battlekings batting - Pitching for Scranton Supernovas : RHP Jim Unknown
Batting: LHB Sam Good 0-0: Foul Ball, location: 2F
0-1: Foul Ball, location: 2F
0-2: Ball
1-2: Ball
2-2: Ball
3-2: Fly out, F3 (Popup, 34)
Batting: RHB Matt Love 0-0: Foul Ball, location: 2F
0-1: Foul Ball, location: 2F
0-2: SINGLE (Groundball, 6S) (infield hit)
Batting: LHB Stanley Belote 0-0: Ball
1-0: Ball
2-0: Fielders Choice at 2nd, 4-6 (Groundball, 4)
Batting: RHB Scott Zijm 0-0: Foul Ball, location: 2F
0-1: Ball
1-1: Ball
2-1: Foul Ball, location: 2F
2-2: Fly out, F2 (Popup, 5S)
Bottom of the 4th over - 0 run(s), 1 hit(s), 0 error(s), 1 left on base; Scranton 6 - Naperville 0
TOP OF THE 5TH
Scranton Supernovas batting - Pitching for Naperville Battlekings : RHP Jorge Vázquez
Batting: LHB José Cordero 0-0: Ball
1-0: Ball
2-0: Called Strike
2-1: Swinging Strike
2-2: Ball
3-2: Foul Ball, location: 2F
3-2: Base on Balls
Batting: SHB Alonso Solís 0-0: Called Strike
0-1: Foul Ball, location: 2F
0-2: SINGLE (Groundball, 34D)
José Cordero to second
Runner from 2nd tries for 3rd, SAFE, throw made to third
Alonso Solís to second
Batting: RHB Pedro Rivera 0-0: Swinging Strike
0-1: Ball
1-1: Ball
2-1: Foul Ball, location: 2F
2-2: Foul Ball, location: 2F
2-2: Ball
3-2: Base on Balls
Batting: LHB Chris Fries 0-0: Ball
1-0: Foul Ball, location: 2F
1-1: Ball
2-1: Ball
3-1: Base on Balls
José Cordero scores
Alonso Solís to third
Pedro Rivera to second
Batting: RHB Jim Unknown 0-0: Called Strike
0-1: Ball
1-1: Ball
2-1: Foul Ball, location: 2F
2-2: Foul Ball, location: 2F
2-2: Foul Ball, location: 2F
2-2: Foul Ball, location: 2F
2-2: Foul Ball, location: 2F
2-2: TRIPLE (Flyball, 8RXD)
Alonso Solís scores
Pedro Rivera scores
Chris Fries scores
Pitching: RHP Willis Parker
Batting: LHB Phillip Tinker 0-0: Ball
1-0: Ball
2-0: Foul Ball, location: 2F
2-1: Foul Ball, location: 2F
2-2: Ball
3-2: Foul Ball, location: 2F
3-2: Foul Ball, location: 2F
3-2: Foul Ball, location: 2F
3-2: Ground out U3 (Groundball, 3)
Batting: RHB Nobuhiko Nakayama 0-0: Ground out 6-3 (Groundball, 56)
Jim Unknown scores
Batting: RHB Dong-po Tien 0-0: Ball
1-0: SINGLE (Groundball, 56D)
Batting: RHB Kent Summey 0-0: Called Strike
0-1: Ball
1-1: Foul Ball, location: 2F
1-2: Ball
2-2: DOUBLE (Groundball, 5L)
Dong-po Tien to third
Batting: LHB José Cordero 0-0: Ball
1-0: Foul Ball, location: 2F
1-1: Single, Error in OF, E8, batter to second base
Dong-po Tien scores
Kent Summey scores
Batting: SHB Alonso Solís 0-0: Foul Ball, location: 2F
0-1: Ball
1-1: Swinging Strike
1-2: Foul Ball, location: 2F
1-2: 2-RUN HOME RUN (Line Drive, 89D), Distance : 394 ft
Pitching: RHP William Peck
Batting: RHB Pedro Rivera 0-0: Called Strike
0-1: Swinging Strike
0-2: Ball
1-2: Ball
2-2: Ball
3-2: Base on Balls
Batting: LHB Chris Fries 0-0: DOUBLE (Line Drive, 3D)
Pedro Rivera to third
Batting: RHB Jim Unknown 0-0: Called Strike
0-1: SINGLE (Groundball, 6D)
Pedro Rivera scores
Chris Fries to third
Batting: LHB Phillip Tinker 0-0: Fly out, F7 (Flyball, 7S)
Top of the 5th over - 10 run(s), 8 hit(s), 1 error(s), 2 left on base; Scranton 16 - Naperville 0
BOTTOM OF THE 5TH
Naperville Battlekings batting - Pitching for Scranton Supernovas : RHP Jim Unknown
Batting: RHB Jorge Baker 0-0: Foul Ball, location: 2F
0-1: Ball
1-1: Fly out, F9 (Flyball, 9LMF)
Batting: RHB António Guzmán 0-0: Called Strike
0-1: Called Strike
0-2: Fly out, F6 (Popup, 6)
Batting: LHB Curtis Peters 0-0: Called Strike
0-1: Ball
1-1: Ground out 6-3 (Groundball, 6)
Bottom of the 5th over - 0 run(s), 0 hit(s), 0 error(s), 0 left on base; Scranton 16 - Naperville 0
TOP OF THE 6TH
Scranton Supernovas batting - Pitching for Naperville Battlekings : RHP William Peck
Batting: RHB Nobuhiko Nakayama 0-0: Ball
1-0: DOUBLE (Groundball, 5L)
Batting: RHB Dong-po Tien 0-0: SINGLE (Groundball, 34D)
Nobuhiko Nakayama to third
Runner from 3rd tries for Home, SAFE, throw made home
Batting: RHB Kent Summey 0-0: Ball
1-0: Ground out 3-1 (Groundball, 34S)
Dong-po Tien to second
Batting: LHB José Cordero 0-0: Ball
1-0: Ball
2-0: Called Strike
2-1: Ground out 4-3 (Groundball, 34D)
Dong-po Tien to third
Batting: SHB Alonso Solís 0-0: Called Strike
0-1: Swinging Strike
0-2: Ball
1-2: DOUBLE (Line Drive, 78S)
Dong-po Tien scores
Batting: RHB Pedro Rivera 0-0: Foul Ball, location: 2F
0-1: Ball
1-1: Foul Ball, location: 2F
1-2: Fly out, F7 (Flyball, 7D)
Top of the 6th over - 2 run(s), 3 hit(s), 0 error(s), 1 left on base; Scranton 18 - Naperville 0
BOTTOM OF THE 6TH
Naperville Battlekings batting - Pitching for Scranton Supernovas : RHP Jim Unknown
Batting: RHB Rod Jones 0-0: Called Strike
0-1: Called Strike
0-2: Ground out 6-3 (Groundball, 56D)
Batting: RHB Jimmy Dawson 0-0: Ball
1-0: Ball
2-0: Called Strike
2-1: Ball
3-1: Foul Ball, location: 2F
3-2: Strikes out swinging
Batting: LHB Sam Good 0-0: Ball
1-0: Ball
2-0: Ball
3-0: Base on Balls
Batting: RHB Matt Love 0-0: Fielders Choice at 2nd, 4-6 (Groundball, 6M)
Bottom of the 6th over - 0 run(s), 0 hit(s), 0 error(s), 0 left on base; Scranton 18 - Naperville 0
TOP OF THE 7TH
Scranton Supernovas batting - Pitching for Naperville Battlekings : RHP William Peck
Batting: LHB Chris Fries 0-0: SINGLE (Line Drive, 8RS)
Batting: RHB Jim Unknown 0-0: Swinging Strike
0-1: Ball
1-1: Foul Ball, location: 2F
1-2: Ball
2-2: Foul Ball, location: 2F
2-2: Foul Ball, location: 2F
2-2: Fly out, F9 (Flyball, 9S)
Batting: LHB Phillip Tinker 0-0: Ball
1-0: Foul Ball, location: 2F
1-1: Ball
2-1: Called Strike
2-2: Strikes out looking
Batting: RHB Nobuhiko Nakayama 0-0: Foul Ball, location: 2F
0-1: Ball
1-1: Ball
2-1: Foul Ball, location: 2F
2-2: SINGLE (Line Drive, 78S)
Chris Fries to second
Batting: RHB Dong-po Tien 0-0: Called Strike
0-1: Ball
1-1: SINGLE (Groundball, 6MD)
Chris Fries to third
Nobuhiko Nakayama to second
Runner from 3rd tries for Home, SAFE, throw made home
Pitching: RHP Culley Adjeng
Batting: RHB Kent Summey 0-0: Ball
1-0: Ball
2-0: Ball
3-0: Called Strike
3-1: Ground out 6-3 (Groundball, 6S)
Top of the 7th over - 1 run(s), 3 hit(s), 0 error(s), 2 left on base; Scranton 19 - Naperville 0
BOTTOM OF THE 7TH
Naperville Battlekings batting - Pitching for Scranton Supernovas : RHP Jim Unknown
Batting: LHB Stanley Belote 0-0: Ball
1-0: Ball
2-0: Swinging Strike
2-1: Swinging Strike
2-2: Ball
3-2: Foul Ball, location: 2F
3-2: Strikes out swinging, 2-3 out at first.
Batting: RHB Scott Zijm 0-0: Ball
1-0: Ball
2-0: Ball
3-0: Called Strike
3-1: Foul Ball, location: 2F
3-2: Base on Balls
Batting: RHB Jorge Baker 0-0: Ball
1-0: Ball
2-0: Called Strike
2-1: Foul Ball, location: 2F
2-2: Ball
3-2: Base on Balls
Scott Zijm to second
Pitching: LHP Luis Ortíz
Batting: RHB António Guzmán 0-0: Foul Ball, location: 2F
0-1: Foul Ball, location: 2F
0-2: Foul Ball, location: 2F
0-2: Grounds into double play, 6-4-3 (Groundball, 6)
Bottom of the 7th over - 0 run(s), 0 hit(s), 0 error(s), 1 left on base; Scranton 19 - Naperville 0
TOP OF THE 8TH
Scranton Supernovas batting - Pitching for Naperville Battlekings : RHP Culley Adjeng
Batting: LHB José Cordero 0-0: Fly out, F8 (Flyball, 78M)
Batting: SHB Alonso Solís 0-0: Ground out 5-3 (Groundball, 5)
Pinch Hitting: RHB Felipe Bruno 0-0: Ground out 4-3 (Groundball, 4)
Top of the 8th over - 0 run(s), 0 hit(s), 0 error(s), 0 left on base; Scranton 19 - Naperville 0
BOTTOM OF THE 8TH
Naperville Battlekings batting - Pitching for Scranton Supernovas : LHP Luis Ortíz
Now at 1B: Felipe Bruno
Batting: LHB Curtis Peters 0-0: Called Strike
0-1: Ball
1-1: Ball
2-1: Ball
3-1: Foul Ball, location: 2F
3-2: Foul Ball, location: 2F
3-2: SINGLE (Groundball, 6S) (infield hit)
Batting: RHB Rod Jones 0-0: Ball
1-0: Foul Ball, location: 2F
1-1: SINGLE (Groundball, 4MD)
Curtis Peters to second
Batting: RHB Jimmy Dawson 0-0: Ball
1-0: Grounds into double play, 6-4-3 (Groundball, 6)
Curtis Peters to third
Batting: LHB Sam Good 0-0: Ball
1-0: Ball
2-0: Fly out, F2 (Popup, 15S)
Bottom of the 8th over - 0 run(s), 2 hit(s), 0 error(s), 1 left on base; Scranton 19 - Naperville 0
TOP OF THE 9TH
Scranton Supernovas batting - Pitching for Naperville Battlekings : RHP Culley Adjeng
Batting: LHB Chris Fries 0-0: Foul Ball, location: 2F
0-1: Swinging Strike
0-2: Ball
1-2: Ball
2-2: Foul Ball, location: 2F
2-2: Foul Ball, location: 2F
2-2: Fly out, F7 (Flyball, 78M)
Batting: RHB Jim Unknown 0-0: SINGLE (Line Drive, 6MD)
Batting: LHB Phillip Tinker 0-0: Foul Ball, location: 2F
0-1: Fly out, F4 (Popup, 34D)
Batting: RHB Nobuhiko Nakayama 0-0: Called Strike
0-1: Ground out 1-3 (Groundball, 15S)
Top of the 9th over - 0 run(s), 1 hit(s), 0 error(s), 1 left on base; Scranton 19 - Naperville 0
BOTTOM OF THE 9TH
Naperville Battlekings batting - Pitching for Scranton Supernovas : LHP Luis Ortíz
Batting: RHB Matt Love 0-0: Ball
1-0: Foul Ball, location: 2F
1-1: Ball
2-1: Ground out 5-3 (Groundball, 5)
Batting: LHB Stanley Belote 0-0: Ball
1-0: Ball
2-0: Ball
3-0: Called Strike
3-1: Called Strike
3-2: Fly out, F4 (Popup, 4MD)
Batting: RHB Scott Zijm 0-0: Fly out, F7 (Flyball, 7D)
Bottom of the 9th over - 0 run(s), 0 hit(s), 0 error(s), 0 left on base; Scranton 19 - Naperville 0
Saturday, May 26th, 2018 - OOTP Baseball 17.12 Build 75